 Dungeon Crawl Stone Soup version 0.31-a0-370-g25055926c8 (webtiles) character file.

Game seed: 4987825598244739091

14581 Morbidden the Grappler (level 11, -7/104 HPs)
             Began as a Troll Shapeshifter on July 29, 2023.
             Was an Elder of Cheibriados.
             Mangled by an eight-headed hydra (8 damage)
             ... on level 2 of the Lair of Beasts.
             The game lasted 00:14:49 (9725 turns).

Morbidden the Grappler (Troll Shapeshifter)         Turns: 9725, Time: 00:14:49

Health: -7/104     AC:  8    Str: 39    XL:     11   Next: 90%
Magic:  23/23      EV: 14    Int: 14    God:    Cheibriados [****..]
Gold:   856        SH:  0    Dex: 20    Spells: 10/10 levels left

rFire   . .          .
                       - Unarmed
rCold   + . .        (no shield)
rNeg    . . .        u - +4 robe of the Pink Corner {Drain rC+ Will+}
rPois   .            (helmet currently unavailable)
rElec   .            (cloak currently unavailable)
rCorr   +            (gloves unavailable)
SInv    .            (boots unavailable)
Will    +....        C - amulet of regeneration
Stlth   ++           A - ring of resist corrosion
HPRegen 1.97/turn    w - ring of magical power
MPRegen 0.18/turn

%: no passive effects
@: about to teleport, beast-form, marked, very slow
A: beast (slay +5), large, unfitting armour, claws 3, regeneration 1, shaggy fur
1, tough skin 1
a: Begin Untransformation, Renounce Religion, Bend Time, Temporal Distortion,
Slouch


You were on level 2 of the Lair of Beasts.
You worshipped Cheibriados.
Cheibriados was greatly pleased with you.
You were a hulking beast.
You visited 2 branches of the dungeon, and saw 12 of its levels.

You collected 856 gold pieces.

Inventory:

Hand Weapons
 b - a +4 triple crossbow
Missiles
 d - 60 stones (quivered)
 i - 14 boomerangs
 q - 7 poisoned darts
 r - 2 javelins
Armour
 g - +0 steam dragon scales
 u - the +4 robe of the Pink Corner (worn) {Drain rC+ Will+}
   (You took it off a hobgoblin on level 4 of the Dungeon)

   rC:        It protects you from cold.
   Drain:     It drains your maximum health when unequipped.
   Will:      It increases your willpower.
Jewellery
 a - a ring of flight
 n - a ring of fire
 w - a ring of magical power (right claw)
 A - a ring of resist corrosion (left claw)
 B - an amulet of reflection
 C - an amulet of regeneration (around neck)
Talismans
 c - a beast talisman
 G - a dragon-blood talisman
Wands
 p - a wand of roots (5)
 t - a wand of mindburst (10)
 D - a wand of paralysis (23)
 F - a wand of polymorph (10)
Scrolls
 e - a scroll of fog
 j - 4 scrolls of enchant armour
 k - 2 scrolls of noise
 l - a scroll of poison
 m - 3 scrolls of immolation
 o - a scroll of revelation
 v - a scroll of torment
 y - a scroll of silence
 E - a scroll of identify
Potions
 s - 8 potions of curing
 x - a potion of mutation
 J - a potion of resistance


   Skills:
 * Level 5.5 Fighting
 + Level 2.1 Ranged Weapons
 + Level 5.5 Throwing
 * Level 7.4 Dodging
 + Level 1.9 Stealth
 + Level 0.3 Shields
 + Level 9.8 Unarmed Combat
 * Level 5.7 Invocations
 * Level 2.4 Evocations
 * Level 7.2 Shapeshifting


You had 10 spell levels left.
You didn't know any spells.
Your spell library contained the following spells:

 Spells                   Type           Power      Damage    Failure   Level
 Summon Small Mammal      Summ           0%         N/A       28%         1
 Call Canine Familiar     Summ           0%         N/A       65%         3
 Dazzling Flash           Conj/Hex       0%         N/A       65%         3
 Summon Guardian Golem    Hex/Summ       0%         N/A       65%         3
 Olgreb's Toxic Radiance  Pois           0%         N/A       96%         4
 Agony                    Necr           0%         N/A       100%        5
 Silence                  Hex/Air        0%         N/A       100%        5
 Discord                  Hex            0%         N/A       100%        8
 Ignition                 Fire           0%         3d3       100%        8


Dungeon Overview and Level Annotations

Branches:
Dungeon (10/15)            Temple (0/1) D:6            Lair (2/5) D:10
  Swamp: Lair:2-3    Shoals: Lair:2-3     Snake: Lair:2-3    Spider: Lair:2-3
    Orc: D:9-12

Altars:
Cheibriados
Dithmenos
Elyvilon
Gozag
Hepliaklqana
Makhleb
Okawaru
Ru
Zin
The Shining One

Shops:
D:1 :   D:4 *   D:9 (   D:10 !

Annotations:
D:4 2 transporters
D:5 1 runed translucent door, Crazy Yiuf
D:6 2 transporters, Stonecrops's ghost, amateur GrGl
Lair:2 Harold


Innate Abilities, Weirdness & Mutations

You are a hulking beast.
Your limbs bulge with bestial killing power. (Slay +5)
You are too large for most types of armour.
You have claws for hands.
Your natural rate of healing is unusually fast.
You are covered in fur. (AC +1)
You have tough skin. (AC +1)


Message History

Okay, then.
Okay, then.
You struggle against the net.
Harold completely misses you.
Unknown command.
As you read the scroll of teleportation, it crumbles to dust.
You feel strangely unstable.
Harold hits you from afar with a +0 glaive!!
The eight-headed hydra bites you.
The eight-headed hydra completely misses you.
The eight-headed hydra bites you but does no damage.
The eight-headed hydra bites you. The eight-headed hydra bites you! x2
The eight-headed hydra bites you but does no damage. x2
Unknown command.
You rip the net and break free!
Harold says, "Try to look on the bright side.
Your death will help put my children through school."
Harold hits you from afar with a +0 glaive!
* * * LOW HITPOINT WARNING * * *
The eight-headed hydra closely misses you.
The eight-headed hydra bites you.
* * * LOW HITPOINT WARNING * * *
The eight-headed hydra bites you!
* * * LOW HITPOINT WARNING * * *
The eight-headed hydra bites you but does no damage.
The eight-headed hydra barely misses you.
The eight-headed hydra bites you but does no damage.
The eight-headed hydra barely misses you.
The eight-headed hydra bites you!
* * * LOW HITPOINT WARNING * * *
Unknown command.
Unknown command.
Unknown command.
Unknown command.
Harold hits you from afar with a +0 glaive!
* * * LOW HITPOINT WARNING * * *
The eight-headed hydra bites you.
* * * LOW HITPOINT WARNING * * *
The eight-headed hydra closely misses you.
The eight-headed hydra barely misses you.
The eight-headed hydra bites you!
You die...

..###.#...#.......#
##.###..#.### .##
#.#.....#....## #..........#.
## .#.#...#.....#
#............
####+###.....###........)....


You could see Harold and an eight-headed hydra.

Vanquished Creatures
  Pikel (D:7)
  Joseph (D:8)
  A black mamba (Lair:1)
  2 cane toads (Lair:2)
  Psyche (D:8)
  A komodo dragon (Lair:1)
  2 kobold demonologists (D:10)
  2 hornets
  9 blink frogs
  2 shadows
  A wraith (D:9)
  2 wyverns (Lair:1)
  2 steam dragons
  20 yaks
  An acid dragon (D:9)
  11 water moccasins
  A sky beast (D:7)
  2 ice beasts
  2 orc warriors
  2 ogres
  4 black bears
  5 wolves (Lair:2)
  3 centaurs
  2 lemures (D:7)
  4 kobold brigands
  2 gnoll sergeants
  A scorpion (D:4)
  8 bullfrogs
  7 wights
  12 killer bees
  5 electric eels (D:9)
  6 hounds
  2 gnoll boudas
  4 orc priests
  A sleepcap (D:6)
  3 iguanas
  5 orc wizards
  17 gnolls
  11 adders
  A shadow imp (D:8)
  A white imp (D:6)
  An ufetubus (D:7)
  A worm (D:3)
  2 dart slugs
  25 orcs
  4 ball pythons
  6 endoplasms
  2 giant cockroaches (D:1)
  9 goblins
  7 hobgoblins
  16 kobolds
  6 quokkas
  7 bats
  5 frilled lizards
  8 rats
269 creatures vanquished.

Notes
Turn   | Place    | Note
-------+----------+-------------------------------------------
     0 | D:1      | Morbidden the Troll Shapeshifter began the quest for the
                  | Orb.
     0 | D:1      | Reached XP level 1. HP: 18/18 MP: 0/0
    79 | D:1      | Reached XP level 2. HP: 15/26 MP: 1/1
    89 | D:1      | Reached skill level 1 in Fighting
   277 | D:1      | Reached XP level 3. HP: 33/33 MP: 2/2
   496 | D:1      | Noticed a walking earthen tome
   509 | D:1      | Found Mun Maj's Book Shop.
   511 | D:1      | Noticed a walking frostbound tome
   606 | D:1      | Found a faded altar of an unknown god.
  1409 | D:3      | Reached XP level 4. HP: 41/41 MP: 3/3
  1410 | D:3      | Found a snail-covered altar of Cheibriados.
  1547 | D:4      | Found a transporter.
  1568 | D:4      | Found a transporter.
  1596 | D:4      | Reached XP level 5. HP: 43/49 MP: 4/4
  1636 | D:4      | Identified the +4 robe of the Pink Corner {Drain rC+ Will+}
  1672 | D:4      | Found Zin's Purification Station.
  1683 | D:4      | Found a glowing silver altar of Zin.
  1793 | D:4      | Reached skill level 4 in Unarmed Combat
  1796 | D:4      | Noticed a black bear
  1801 | D:4      | Killed a black bear
  1802 | D:4      | Reached skill level 1 in Throwing
  1802 | D:4      | Reached XP level 6. HP: 56/57 MP: 5/5
  2137 | D:3      | Became a worshipper of Cheibriados the Contemplative
  2203 | D:3      | Found a burning altar of Makhleb.
  2316 | D:3      | Reached skill level 1 in Ranged Weapons
  2902 | D:5      | Entered Level 5 of the Dungeon
  3021 | D:5      | Reached XP level 7. HP: 58/65 MP: 6/6
  3039 | D:5      | Identified the +2 leather armour of Pride {rF++ Regen+
                  | Int+3 Slay-3}
  3051 | D:5      | Reached skill level 1 in Invocations
  3052 | D:5      | Reached * piety under Cheibriados
  3798 | D:5      | Found a runed translucent door.
  3799 | D:5      | Noticed Crazy Yiuf
  3913 | D:6      | Reached XP level 8. HP: 70/74 MP: 8/8
  3918 | D:6      | Reached skill level 5 in Unarmed Combat
  4116 | D:6      | Found a transporter.
  4116 | D:6      | Noticed Stonecrops's ghost (amateur GrGl)
  4132 | D:6      | Found a transporter.
  4152 | D:6      | Found a staircase to the Ecumenical Temple.
  4189 | D:6      | Reached ** piety under Cheibriados
  4490 | D:6      | Found a white marble altar of Elyvilon.
  4565 | D:6      | Reached skill level 5 in Shapeshifting
  5007 | D:7      | Reached skill level 6 in Unarmed Combat
  5040 | D:7      | Found a sacrificial altar of Ru.
  5062 | D:7      | Reached skill level 1 in Stealth
  5140 | D:7      | Reached XP level 9. HP: 79/83 MP: 9/9
  5269 | D:7      | Reached skill level 7 in Unarmed Combat
  5577 | D:8      | Noticed Pikel
  5577 | D:8      | Noticed Joseph
  5596 | D:7      | Killed Pikel
  5596 | D:7      | Reached *** piety under Cheibriados
  5622 | D:8      | Killed Joseph
  5637 | D:8      | Paralysed by a hornet for 2 turns
  5643 | D:8      | Paralysed by a hornet for 1 turns
  5662 | D:8      | Reached XP level 10. HP: 47/92 MP: 11/11
  5797 | D:8      | Reached skill level 5 in Dodging
  5806 | D:8      | Reached skill level 5 in Throwing
  5964 | D:8      | Reached **** piety under Cheibriados
  6028 | D:8      | Noticed Psyche
  6039 | D:8      | Killed Psyche
  6040 | D:8      | Reached skill level 8 in Unarmed Combat
  6047 | D:8      | Found a shadowy altar of Dithmenos.
  6225 | D:8      | Found a hazy altar of Hepliaklqana.
  6323 | D:8      | Found an opulent altar of Gozag.
  6920 | D:9      | Found the +16 obsidian axe {drain, demonic, Mesm Drain Fly
                  | SInv}
  6949 | D:9      | Found Ilor's Antique Weapon Shop.
  7188 | D:10     | Entered Level 10 of the Dungeon
  7195 | D:10     | Found Luuky's Distillery.
  7358 | D:10     | Noticed a soul eater
  7423 | D:10     | Found a staircase to the Lair.
  7487 | D:10     | Found a glowing golden altar of the Shining One.
  7836 | D:10     | Reached XP level 11. HP: 15/101 MP: 13/13
  7992 | D:10     | Found an iron altar of Okawaru.
  8133 | Lair:1   | Entered Level 1 of the Lair of Beasts
  8287 | Lair:1   | Reached skill level 5 in Fighting
  8290 | Lair:1   | Reached skill level 9 in Unarmed Combat
  8496 | Lair:1   | Reached skill level 5 in Invocations
  8501 | Lair:1   | Reached skill level 1 in Evocations
  9310 | Lair:2   | Noticed Harold
  9380 | Lair:2   | Noticed a death yak
  9380 | Lair:2   | Noticed a death yak
  9380 | Lair:2   | Noticed a death yak
  9717 | Lair:2   | Noticed an eight-headed hydra
  9725 | Lair:2   | HP: 2/104 [Harold/+0 glaive (10)]
  9725 | Lair:2   | Mangled by an eight-headed hydra

Illustrated notes

Levels and vault maps discovered:
D:1:      psy_arrival_heroes, layout_loops_ring, serial_glass, glass_columns_a,
          glass_columns_a, serial_shops, nicolae_shop_mannequins,
          chequers_ecumenical_altar_lobes, skrybe_limestone_x,
          serial_bayou_lagoon_b
D:2:      layout_basic
D:3:      layout_loops_cross, lemuel_crystal_altar,
          nicolae_overflow_hidden_temple
D:4:      gammafunk_steamed_eel, layout_loops_ring, zin_purify
D:5:      layout_basic, due_unseen_surprise, uniq_crazy_yiuf_cottage
D:6:      layout_layer_cave, mainiacjoe_overflow_boulevard,
          minmay_temple_entry_mist, gammafunk_ghost_arena, minmay_statues_item,
          minmay_misc_feat_ornament, reono_crystal_passage,
          minmay_misc_feat_nine_boxes, hangedman_abyss_or_decor_slice
D:7:      layout_rooms, mainiacjoe_overflow_chevrons, dreamdust_wishing_well,
          grunt_decor_cap
D:8:      layout_rooms, mainiacjoe_overflow_six_doors_small,
          nicolae_gozag_cash_rules_everything_around_me,
          worldfamousw_hep_ancestral_shrine, uniq_psyche, uniq_pikel,
          uniq_joseph
D:9:      layout_basic, serial_shops, shop
D:10:     layout_rooms, old_standard_altar, nicolae_tso_carved_into_rock,
          lair_entry_dummy, serial_shops, nicolae_take_the_stairs,
          chequers_serial_rivers_room_b
Lair:1:   hellmonk_ruined_rings, layout_regular_city
Lair:2:   layout_cave_pods, grunt_megastairs_1, infiniplex_staircase_pool_2,
          uniq_harold

Skill      XL: |  1  2  3  4  5  6  7  8  9 10 11 |
---------------+----------------------------------+-----
Fighting       | 1 2 3 4 5 |  5.5
Dodging        | 2 3 4 6 7 |  7.4
Shapeshifting  | 4 5 6 7 |  7.2
Unarmed Combat | 4 6 7 8 9 |  9.8
Throwing       | 1 2 3 4 5 |  5.5
Ranged Weapons | 1 2 |  2.1
Invocations    | 1 2 3 4 5 |  5.7
Stealth        | 1 |  1.9
Evocations     | 2 |  2.4
Shields        | |  0.3

Action                     |  1- 3 |  4- 6 |  7- 9 | 10-12 || total
---------------------------+-------+-------+-------+-------++-------
  Melee: Unarmed           |    98 |   100 |   205 |   240 ||   643
         Punch             |     3 |     1 |    11 |    17 ||    32
   Fire: Triple crossbow   |       |    14 |     9 |    13 ||    36
  Throw: Stone             |       |       |     8 |    49 ||    57
         Dart              |       |       |       |    19 ||    19
 Invoke: Slouch            |       |       |       |     5 ||     5
  Evoke: Wand              |       |       |     2 |     7 ||     9
    Use: Scroll            |     2 |     3 |     4 |    15 ||    24
         Potion            |       |       |     3 |     2 ||     5
   Stab: Sleeping          |     2 |     2 |     1 |     1 ||     6
 Armour: Animal skin       |    24 |    10 |       |       ||    34
         Robe              |       |    39 |    94 |    87 ||   220
         Skin              |       |       |     3 |       ||     3
  Dodge: Dodged            |    44 |    55 |   146 |   213 ||   458
  Block: Other             |       |       |     3 |       ||     3
   Form: Dragon            |       |       |       |     1 ||     1
         Beast             |       |       |       |     1 ||     1

Table legend: (Time is in decaauts)
 A = Elapsed time spent in this place.
 B = Non-inter-level travel time spent in this place.
 C = Inter-level travel time spent in this place.
 D = Time resting spent in this place.
 E = Time spent auto-exploring this place.
 F = Levels seen in this place.
 G = Mean time per level.
                   A        B        C        D        E       F      G
               +--------+--------+--------+--------+--------+-----+--------+
         Total |  12209 |  11622 |    587 |   1854 |   7842 |  12 | 1017.4 |
       Dungeon |  10070 |   9572 |    498 |   1316 |   6703 |  10 | 1007.0 |
          Lair |   2139 |   2050 |     89 |    538 |   1138 |   2 | 1069.5 |
               +--------+--------+--------+--------+--------+-----+--------+

Top non-repeatable levels by time:
     D:6: 1422 daAuts
  Lair:1: 1302 daAuts
    D:10: 1261 daAuts
     D:8: 1150 daAuts
     D:9: 1118 daAuts
     D:5: 1117 daAuts
     D:4: 1044 daAuts
     D:1: 905 daAuts
     D:7: 875 daAuts
  Lair:2: 836 daAuts
     D:3: 710 daAuts
     D:2: 465 daAuts
